 Dungeon Crawl Stone Soup version 0.25-a0-713-g4845790874 (console) character file.

Game seed: 14186364700281672793, levelgen mode: deterministic

93 Mephistopheles the Digger (level 4, -1/24 HPs)
             Began as a Gargoyle Earth Elementalist on Apr 5, 2020.
             Slain by a hornet zombie (4 damage)
             ... on level 2 of the Dungeon.
             The game lasted 00:09:05 (2476 turns).

Mephistopheles the Digger (GrEE)                    Turns: 2476, Time: 00:09:06

Health: -1/24      AC:  7    Str: 12    XL:     4   Next: 62%
Magic:  0/8        EV: 12    Int: 16    God:
Gold:   131        SH:  0    Dex: 10    Spells: 5/9 levels left

rFire    . . .     SeeInvis .   a - +0 club
rCold    . . .     Gourm    .   (no shield)
rNeg     + . .     Faith    .   c - +0 robe
rPois    ∞         Spirit   .   f - +2 hat
rElec    +         Reflect  .   (no cloak)
rCorr    .         Harm     .   (no gloves)
MR       .....                  (no boots)
Stlth    ++........             (no amulet)
HPRegen  0.08/turn              (no ring)
MPRegen  0.11/turn              (no ring)

@: very slightly contaminated
A: negative energy resistance 1, electricity resistance, unbreathing,
petrification resistance, rot immunity, AC +3
a: no special abilities


You were on level 2 of the Dungeon.
You were hungry.

You visited 1 branch of the dungeon, and saw 3 of its levels.

You collected 131 gold pieces.

Inventory:

Hand Weapons
 a - a +0 club (weapon)
Missiles
 b - 98 stones (quivered)
Armour
 c - a +0 robe (worn)
 f - a +2 hat (worn)
Jewellery
 h - a +1 ring of protection {unknown}
Scrolls
 e - a scroll of random uselessness {unknown}
 i - a scroll of enchant weapon {unknown}
 j - a scroll of magic mapping {unknown}
 k - 3 scrolls of identify {unknown}
 n - 2 scrolls of noise {unknown}
 q - a scroll of blinking {unknown}
 r - 2 scrolls of remove curse {unknown}
Potions
 g - 2 potions of curing {unknown}
 l - 2 potions of heal wounds {unknown}
 o - 2 potions of brilliance {unknown}
 p - a potion of might {unknown}
Comestibles
 d - 7 rations
 m - 5 chunks of flesh


   Skills:
 - Level 1.5 Dodging
 - Level 2.1 Stealth
 + Level 3.1 Spellcasting
 + Level 1.6 Conjurations
   Level 0.7 Transmutations
 + Level 4.9 Earth Magic


You had 5 spell levels left.
You knew the following spells:

 Your Spells              Type           Power        Failure   Level  Hunger
a - Sandblast             Erth           ###...       2%          1    None
b - Stone Arrow           Conj/Erth      ##....       14%         3    ###....

Your spell library contained the following spells:

 Spells                   Type           Power        Failure   Level  Hunger
 Passwall                 Tmut/Erth      ##......     9%          2    ##.....
 Petrify                  Tmut/Erth      ##......     50%         4    ####...
 Lee's Rapid Deconstruct  Erth           ###.......   56%         5    ######.


Dungeon Overview and Level Annotations

Branches:
Dungeon (3/15)

Altars:
Ashenzari


Innate Abilities, Weirdness & Mutations

You are resistant to torment.
Your stone body is resilient. (AC +3)
You are immune to poison.
You resist negative energy. (rN+)
You are resistant to electric shocks. (rElec)
You can survive without breathing.
You are immune to petrification.
You are immune to rotting.


Message History

The blast of sand hits the hornet zombie!
The hornet zombie is heavily damaged.
b - 99 stones The hornet zombie hits you.
You closely miss the hornet zombie.
The hornet zombie is heavily damaged.
The hornet zombie misses you. The hornet zombie hits you!
* * * LOW HITPOINT WARNING * * *
You are feeling hungry.
The hornet zombie barely misses you.
Casting: Sandblast (safe; 2% risk of failure)
Confirm with . or Enter, or press ? or * to list all spells.
Aiming: Sandblast (safe; 2% risk of failure)
Press: ? - help, Shift-Dir - straight line, f/p - hornet zombie
Aim: a hornet zombie (heavily damaged)
The blast of sand hits the hornet zombie.
The hornet zombie is heavily damaged.
b - 98 stones The hornet zombie hits you.
You die...

# #...#..................# ..
#......................######
..###...####.....................
#⌠..#'.#.⌠#...............#..###
#...÷†.........[..........##....
##..)....#####.......)...#######
#.......#...#...##.......## #.
+..._...+...'.Z#########..## #.
#.......#...#.@# ##..# #.
..#.......#####..# #### #.
#.........#.....# ##
#⌠.##'#..⌠#.....#
####...####...### #.........##
#...#.....# #####...###
.........##


You could see a hornet zombie.

Vanquished Creatures
  4 adders
  An ooze (D:1)
  3 leopard geckos (D:1)
  3 giant cockroaches
  4 goblins
  5 hobgoblins
  2 jackals (D:2)
  8 kobolds
  2 ball pythons (D:2)
  5 bats
  5 frilled lizards
  7 rats
49 creatures vanquished.

Notes
Turn   | Place    | Note
-------+----------+-------------------------------------------
     0 | D:1      | Mephistopheles the Gargoyle Earth Elementalist began the
                  | quest for the Orb.
     0 | D:1      | Reached XP level 1. HP: 10/10 MP: 3/3
   158 | D:1      | Reached skill level 4 in Earth Magic
   158 | D:1      | Reached XP level 2. HP: 8/15 MP: 3/5
   783 | D:1      | Reached XP level 3. HP: 19/19 MP: 6/6
   788 | D:1      | Learned a level 3 spell: Stone Arrow
  1851 | D:2      | Reached skill level 1 in Conjurations
  1990 | D:2      | Reached XP level 4. HP: 24/24 MP: 3/8
  2264 | D:2      | Found a shattered altar of Ashenzari.
  2476 | D:2      | Slain by a hornet zombie

Levels and vault maps discovered:
D:1:      erik_arrival_blinker_ship, layout_basic
D:2:      layout_rooms, evilmike_ruin_ashenzari, first_ration
D:3:      layout_rooms, grunt_temple_overflow_forces_of_nature,
          grunt_gozag_breadcrumbs

Skill      XL: |  1  2  3  4 |
---------------+-------------+-----
Earth Magic    | 4 |  4.9
Conjurations   | 1 |  1.6
Spellcasting   | 3 |  3.1
Dodging        | |  1.5
Stealth        | |  2.1
Transmutations | |  0.7

Action                   |  1- 3 |  4- 6 || total
-------------------------+-------+-------++-------
Melee: Unarmed           |    14 |       ||    14
       Dagger            |     3 |       ||     3
       Club              |    66 |    27 ||    93
 Cast: Sandblast         |    24 |    12 ||    36
       Stone Arrow       |    10 |     8 ||    18
  Eat: Chunk             |     5 |     2 ||     7
Armor: Robe              |    47 |    17 ||    64
Dodge: Dodged            |   103 |    32 ||   135

Table legend:
 A = Non-vault XP
 B = Vault XP
 C = Vault XP percentage of total XP
 D = Non-vault monster count
 E = Vault monster count
 F = Vault count percentage of total count
                 A         B        C        D         E       F
            +---------+---------+-------+---------+---------+-------
      Total |     134 |       0 |   0.0 |      49 |       0 |   0.0
            +---------+---------+-------+---------+---------+-------
        D:1 |      57 |       0 |   0.0 |      24 |       0 |   0.0
        D:2 |      77 |       0 |   0.0 |      25 |       0 |   0.0
            +---------+---------+-------+---------+---------+-------
